 Dungeon Crawl Stone Soup version 0.30-a0-726-gd89dcf765f (webtiles) character file.

Game seed: 11202310007815121882

6967 drugrobin the Grappler (level 10, -4/81 HPs)
             Began as a Demigod Delver on Jan 29, 2023.
             Slain by a four-headed hydra (6 damage)
             ... on level 9 of the Dungeon.
             The game lasted 00:40:47 (8819 turns).

drugrobin the Grappler (Demigod Delver)             Turns: 8819, Time: 00:40:48

Health: -4/81      AC: 12    Str: 27    XL:     10   Next: 52%
Magic:  13/13      EV: 10    Int: 12    God:
Gold:   616        SH:  5    Dex: 25    Spells: 9/9 levels left

rFire   . . .      SeeInvis .      - Unarmed
rCold   . . .      Faith    .    L - +0 buckler
rNeg    . . .      Spirit   .    t - +2 scale mail of an ossuary {Fly Will+ Regen+}
rPois   .          Reflect  .    (no helmet)
rElec   .          Harm     .    E - +2 cloak
rCorr   .          Rampage  .    (no gloves)
Will    ++...                    l - +0 pair of boots
Stlth   ++                       (no amulet)
HPRegen 1.13/turn                F - +6 ring of strength
MPRegen 0.13/turn                T - +6 ring of dexterity

@: flying
A: high MP 1, forlorn, divine attributes
a: no special abilities


You were on level 9 of the Dungeon.
You visited 1 branch of the dungeon, and saw 9 of its levels.
You also visited: Bailey.

You collected 616 gold pieces.

Inventory:

Hand Weapons
 b - a +0 sling
 c - a +1 dagger of venom
 d - a +2 dagger of electrocution
 e - a +1 shortbow of electrocution
 V - the +4 dagger of Revolt {flame, rElec Int-4 Dex+7 SInv}
   (You found it in a bailey)

   Int:       It affects your intelligence (-4).
   Dex:       It affects your dexterity (+7).
   rElec:     It insulates you from electricity.
   SInv:      It lets you see invisible.
Missiles
 p - 35 poisoned darts
 I - 3 throwing nets
 J - 2 curare-tipped darts
 P - 29 boomerangs (quivered)
Armour
 l - a +0 pair of boots (worn)
 t - the +2 scale mail of an ossuary (worn) {Fly Will+ Regen+}
   (You found it on level 4 of the Dungeon)

   Fly:       It grants you flight.
   Regen:     It increases your rate of health regeneration.
   Will:      It increases your willpower.
 E - a +2 cloak (worn)
 L - a +0 buckler (worn)
 W - an orb of guile
Magical Staves
 B - a staff of death
Jewellery
 h - a ring of see invisible
 F - a +6 ring of strength (left hand)
 N - a ring of resist corrosion
 T - a +6 ring of dexterity (right hand)
Wands
 f - a wand of digging (5)
 y - a wand of roots (3)
 Q - a wand of charming (4)
Scrolls
 a - 2 scrolls of enchant armour {unknown}
 j - 2 scrolls of enchant weapon {unknown}
 k - 2 scrolls of noise {unknown}
 o - 2 scrolls of poison {unknown}
 q - 5 scrolls of teleportation {unknown}
 r - 2 scrolls of blinking {unknown}
 s - 2 scrolls of amnesia {unknown}
 u - 2 scrolls of immolation {unknown}
 v - a scroll of silence {unknown}
 w - 6 scrolls of identify {unknown}
 C - 2 scrolls of fear
 D - a scroll of fog
 H - a scroll of torment {unknown}
 R - a scroll of brand weapon {unknown}
 U - a scroll of acquirement
Potions
 g - 3 potions of heal wounds {unknown}
 i - a potion of attraction {unknown}
 m - 3 potions of might {unknown}
 n - 3 potions of magic {unknown}
 x - a potion of berserk rage {unknown}
 z - 3 potions of invisibility
 A - 2 potions of brilliance {unknown}
 G - 3 potions of flight {unknown}
 K - 2 potions of haste
 M - 6 potions of curing
 O - 2 potions of experience {unknown}
 S - 2 potions of mutation {unknown}


   Skills:
 + Level 5.0 Fighting
 - Level 1.7 Dodging
 - Level 4.5 Stealth
 * Level 14.0 Unarmed Combat
 + Level 3.9 Evocations


You had 9 spell levels left.
You didn't know any spells.
Your spell library contained the following spells:

 Spells                   Type           Power      Damage    Failure   Level
 Ensorcelled Hibernation  Hex/Ice        0%         N/A       85%         2
 Sublimation of Blood     Necr           0%         N/A       85%         2
 Wereblood                Tmut           0%         N/A       85%         2
 Spider Form              Tmut/Pois      0%         N/A       97%         3
 Summon Guardian Golem    Hex/Summ       0%         N/A       97%         3
 Anguish                  Hex/Necr       0%         N/A       100%        4
 Orb of Destruction       Conj           0%         9d5       100%        7
 Spellforged Servitor     Conj/Summ      0%         N/A       100%        7
 Summon Hydra             Summ           0%         N/A       100%        7


Dungeon Overview and Level Annotations

Branches:
Dungeon (9/15)             Temple (0/1) D:4            Lair (0/5) D:9
 Bailey (visited)
    Orc: D:9-12

Annotations:
D:8 2 transporters, osoart's ghost, novice TrBe


Innate Abilities, Weirdness & Mutations

You have an increased reservoir of magic. (+10% MP)
You shall have no god before yourself.
Your divine heritage dramatically boosts your attributes as you level up.


Message History

You punch the four-headed hydra!
The four-headed hydra is heavily wounded.
You block the four-headed hydra's attack. x2
The four-headed hydra closely misses you.
The four-headed hydra bites you but does no damage.
Unknown command.
Unknown command.
Unknown command.
Unknown command.
You punch the four-headed hydra!
The four-headed hydra is heavily wounded.
The howler monkey hoots and howls with incredible vigour!
The four-headed hydra bites you but does no damage.
You block the four-headed hydra's attack.
The four-headed hydra bites you!
* * * LOW HITPOINT WARNING * * *
The four-headed hydra bites you!
* * * LOW HITPOINT WARNING * * *
You hear an angry hiss.
You hear a croak.
You hear two shouts!
You hear a shout! x2; You hear a faint skittering sound.
You hear an angry hiss.
Unknown command.
Unknown command.
It was a potion of curing.
You feel better.
The four-headed hydra bites you but does no damage.
You block the four-headed hydra's attack.
The four-headed hydra bites you!
* * * LOW HITPOINT WARNING * * *
The four-headed hydra bites you but does no damage.
Unknown command.
Unknown command.
Okay, then.
Okay, then.
Unknown command.
Okay, then.
You feel better.
The four-headed hydra completely misses you.
The four-headed hydra bites you!
* * * LOW HITPOINT WARNING * * *
The four-headed hydra bites you.
You die...

...........#.#.##...........###..
...........#.#.##.##..##.###..###
##.........#.#.##.##...### ##..##
#.........#...###...####..###..#
###..........#.##..####..#.#.##..
..#..####......######..###.#..##.
#.#..#.>.......####..# .#.##..##
#.#............##).### ..###...
#.#..#.#.......#@##..### #.#.#..#
#.#.##+#...#+#.#D####..###.#..###
#.#.# #.......##h.####..#.)###
#.#.# ###.#...# ....####).##
#.#.## .#...# .###..#####
.....#######...# .# ..
#.#............# .#
#.###########..# ..
...............# ##


You could see a four-headed hydra and a howler monkey.

Vanquished Creatures
  Pikel (D:6)
  A hornet (D:9)
  A shadow (D:9)
  5 yaks (D:9)
  A wyvern (D:8)
  A steam dragon (D:8)
  Duvessa (D:7)
  An acid dragon (D:9)
  11 orc warriors
  An ice beast (D:7)
  2 black bears
  2 ogres (D:5)
  3 lemures (D:6)
  5 centaurs
  Blork the orc (D:4)
  6 bullfrogs
  A gnoll sergeant (D:9)
  5 kobold brigands
  9 wights
  Dowan (D:7)
  12 killer bees
  2 howler monkeys (D:9)
  A hound (D:5)
  6 orc priests
  2 gnoll boudas
  A jelly (D:7)
  An iguana (D:5)
  Jessica (D:2)
  Natasha (thrice) (D:2)
  8 orc wizards
  10 adders
  17 gnolls
  2 white imps (D:7)
  2 worms
  2 dart slugs
  52 orcs
  10 bats
  2 endoplasms
  4 giant cockroaches
  14 goblins
  13 hobgoblins
  6 jackals
  4 quokkas
  4 ball pythons
  4 frilled lizards
  67 kobolds
  5 rats
314 creatures vanquished.

Notes
Turn   | Place    | Note
-------+----------+-------------------------------------------
     0 | D:5      | drugrobin the Demigod Delver began the quest for the Orb.
     0 | D:5      | Reached XP level 1. HP: 18/18 MP: 3/3
    52 | D:5      | Noticed an orc wizard
    54 | D:5      | Noticed a hound
   103 | D:5      | Killed a hound
   104 | D:5      | Reached skill level 3 in Unarmed Combat
   104 | D:5      | Reached XP level 2. HP: 7/25 MP: 4/4
   130 | D:5      | Noticed an ogre
   297 | D:4      | Noticed a centaur
   316 | D:4      | Found a staircase to the Ecumenical Temple.
   389 | D:4      | Identified the +2 scale mail of an ossuary {Fly Will+
                  | Regen+}
   431 | D:3      | Reached XP level 3. HP: 27/30 MP: 5/5
   822 | D:1      | Reached skill level 4 in Unarmed Combat
  1236 | D:2      | Noticed Natasha
  1362 | D:2      | Reached XP level 4. HP: 37/37 MP: 6/6
  1558 | D:2      | Killed Natasha
  1709 | D:2      | Noticed Natasha
  1724 | D:2      | Killed Natasha
  1725 | D:2      | Reached skill level 5 in Unarmed Combat
  1725 | D:2      | Reached XP level 5. HP: 40/42 MP: 7/7
  1855 | D:2      | Noticed Jessica
  1864 | D:2      | Killed Jessica
  2166 | D:2      | Noticed Natasha
  2180 | D:2      | Killed Natasha
  2370 | D:3      | Reached skill level 6 in Unarmed Combat
  2427 | D:3      | Reached XP level 6. HP: 50/50 MP: 8/8
  3457 | D:4      | Noticed Blork the orc
  3827 | D:4      | Reached skill level 7 in Unarmed Combat
  3939 | D:4      | Reached XP level 7. HP: 53/56 MP: 9/9
  4084 | D:4      | Reached skill level 8 in Unarmed Combat
  4314 | D:4      | Killed Blork the orc
  4682 | D:5      | Reached skill level 9 in Unarmed Combat
  4766 | D:5      | Reached XP level 8. HP: 53/62 MP: 10/10
  5146 | D:5      | Reached skill level 10 in Unarmed Combat
  5201 | D:6      | Noticed a +0 short sword
  5201 | D:6      | Noticed a +0 falchion
  5201 | D:6      | Noticed a +0 short sword
  5202 | D:6      | Noticed a +0 dagger
  5203 | D:6      | Noticed a +0 spear
  5203 | D:6      | Noticed a +0 spear
  5203 | D:6      | Noticed a +0 dagger
  5206 | D:6      | Noticed a +0 falchion
  5482 | D:6      | Noticed Pikel
  5495 | D:6      | Killed Pikel
  5496 | D:6      | Reached skill level 11 in Unarmed Combat
  5813 | D:7      | Reached XP level 9. HP: 62/68 MP: 11/11
  6023 | D:7      | Noticed Duvessa
  6024 | D:7      | Noticed Dowan
  6053 | D:7      | Killed Duvessa
  6054 | D:7      | Reached skill level 12 in Unarmed Combat
  6132 | D:7      | Killed Dowan
  6266 | D:7      | Found a flagged portal.
  6274 | Bailey   | Entered a bailey
  6329 | Bailey   | Noticed an orc warlord
  6437 | Bailey   | Found a runed translucent gate.
  6437 | Bailey   | Found a runed translucent gate.
  6437 | Bailey   | Found a runed translucent gate.
  6668 | Bailey   | Identified the +4 dagger of Revolt {flame, rElec Int-4
                  | Dex+7 SInv}
  6873 | D:8      | Reached skill level 1 in Evocations
  6886 | D:8      | Reached skill level 13 in Unarmed Combat
  6958 | D:8      | Noticed osoart's ghost (novice TrBe)
  7019 | D:8      | Noticed a moth of wrath
  7202 | D:8      | Reached XP level 10. HP: 67/77 MP: 13/13
  7354 | D:8      | Found a large runed translucent door.
  7359 | D:8      | Found a large runed translucent door.
  7731 | D:8      | Found a transporter.
  7731 | D:8      | Found a transporter.
  8551 | D:9      | Found a staircase to the Lair.
  8761 | D:9      | Reached skill level 14 in Unarmed Combat
  8803 | D:9      | Reached skill level 5 in Fighting
  8805 | D:9      | Noticed a four-headed hydra
  8818 | D:9      | HP: 3/81 [four-headed hydra (13)]
  8819 | D:9      | Slain by a four-headed hydra

Illustrated notes

Levels and vault maps discovered:
D:1:      mrwooster_arrival_statue, layout_basic
D:2:      wander_river, layout_basic, chequers_ecumenical_altar_island,
          uniq_natasha, uniq_jessica
D:3:      layout_basic, nicolae_half_adder
D:4:      minmay_goblin_kobold_castle, layout_cave_pools,
          nicolae_overflow_hidden_temple, minmay_temple_entry_statues_pillars,
          serial_rivers, chequers_serial_rivers_small_3,
          chequers_serial_rivers_room_b, chequers_serial_rivers_room_a,
          chequers_serial_rivers_micro_e, chequers_serial_rivers_micro_c,
          chequers_serial_rivers_marsh, uniq_blork_the_orc
D:5:      layout_loops_ring, lemuel_round_altar, guppyfry_early_orc_mine
D:6:      layout_rooms, mainiacjoe_overflow_brackets, nicolae_uskayaw_en_pointe,
          uniq_pikel
D:7:      layout_rooms, enter_bailey_3, uniq_duvessa
D:8:      layout_cave_pods, jmf_multi_god_temple2,
          gammafunk_ghost_wrathful_warriors
D:9:      minmay_the_grid_triangle_9x9_rhombus_full
          [minmay_the_grid_triangle_9x9_semitri,
          minmay_the_grid_triangle_9x9_thin_v,
          minmay_the_grid_triangle_9x9_swiss_cheese,
          minmay_the_grid_triangle_9x9_windchime,
          minmay_the_grid_triangle_9x9_intruding_spiral,
          minmay_the_grid_triangle_9x9_sparse_checkered,
          minmay_the_grid_triangle_9x9_alien,
          minmay_the_grid_triangle_9x9_prize_schism], layout_basic,
          lair_entry_dummy, hiddenorc1_lemuel, minmay_variable_closet

Skill      XL: |  1  2  3  4  5  6  7  8  9 10 |
---------------+-------------------------------+-----
Unarmed Combat | 3 4 5 6 7 9 11 13 14 | 14.0
Fighting       | 3 5 |  5.0
Evocations     | 2 3 |  3.9
Dodging        | |  1.7
Stealth        | |  4.5

Action                     |  1- 3 |  4- 6 |  7- 9 | 10-12 || total
---------------------------+-------+-------+-------+-------++-------
  Melee: Unarmed           |   130 |   233 |   391 |   148 ||   902
         Punch             |     1 |    12 |    17 |       ||    30
         Dagger            |       |    63 |    65 |     4 ||   132
   Fire: Sling             |       |     6 |       |       ||     6
         Shortbow          |       |       |    20 |       ||    20
  Throw: Dart              |       |     6 |    14 |       ||    20
         Boomerang         |       |       |     4 |     6 ||    10
  Evoke: Wand              |     1 |       |       |       ||     1
    Use: Potion            |     1 |       |       |     2 ||     3
         Scroll            |     2 |       |       |       ||     2
   Stab: Sleeping          |     1 |       |       |     1 ||     2
         Distracted        |       |       |     1 |     1 ||     2
 Armour: Leather armour    |     3 |       |       |       ||     3
         Scale mail        |    54 |   231 |   185 |    35 ||   505
  Dodge: Dodged            |    59 |   197 |   224 |    42 ||   522
  Block: Buckler           |       |       |    28 |    22 ||    50

Table legend: (Time is in decaauts)
 A = Elapsed time spent in this place.
 B = Non-inter-level travel time spent in this place.
 C = Inter-level travel time spent in this place.
 D = Time resting spent in this place.
 E = Time spent auto-exploring this place.
 F = Levels seen in this place.
 G = Mean time per level.
                   A        B        C        D        E       F      G
               +--------+--------+--------+--------+--------+-----+--------+
         Total |   8681 |   8355 |    326 |    269 |   5041 |  10 |  868.1 |
       Dungeon |   8285 |   7959 |    326 |    267 |   4920 |   9 |  920.6 |
        Bailey |    395 |    395 |      0 |      2 |    121 |   1 |  395.0 |
               +--------+--------+--------+--------+--------+-----+--------+

Top non-repeatable levels by time:
     D:4: 1315 daAuts
     D:2: 1102 daAuts
     D:8: 1102 daAuts
     D:5: 1044 daAuts
     D:3: 879 daAuts
     D:9: 868 daAuts
     D:1: 755 daAuts
     D:7: 666 daAuts
     D:6: 551 daAuts
  Bailey: 395 daAuts
